 Dungeon Crawl Stone Soup version 0.25-a0-362-g90ccd6aac3 (webtiles) character file.

Game seed: 14095903251168695435, levelgen mode: deterministic

98 DerDa the Magician (level 4, 0/30 HPs)
             Began as a Mummy Ice Elementalist on Jan 4, 2020.
             Was an Initiate of Sif Muna.
             Slain by an orc priest
             ... wielding a +0 short sword
              (5 damage)
             ... on level 3 of the Dungeon.
             The game lasted 00:05:49 (1868 turns).

DerDa the Magician (Mummy Ice Elementalist)         Turns: 1868, Time: 00:05:49

Health: 0/30       AC:  4    Str: 11    XL:     4   Next: 44%
Magic:  5/10       EV: 12    Int: 15    God:    Sif Muna [......]
Gold:   121        SH:  0    Dex: 12    Spells: 4/12 levels left

rFire    x . .     SeeInvis .   e - +0 whip
rCold    + . .     Gourm    .   (no shield)
rNeg     + + +     Faith    .   a - +0 robe
rPois    ∞         Spirit   .   k - +1 hat
rElec    .         Reflect  .   (no cloak)
rCorr    .         Harm     .   (no gloves)
MR       .....                  j - +0 pair of boots
Stlth    ++........             (no amulet)
HPRegen  0.10/turn              (no ring)
MPRegen  0.12/turn              (no ring)

@: no status effects
A: no food or potions, fire vulnerability, cold resistance 1, negative energy
resistance 3, torment resistance, unbreathing
a: Renounce Religion


You were on level 3 of the Dungeon.
You worshipped Sif Muna.
Sif Muna was noncommittal.
You were not hungry.

You visited 1 branch of the dungeon, and saw 3 of its levels.

You collected 121 gold pieces.

Inventory:

Hand Weapons
 b - a +0 dagger
 c - a +0 spear
 e - a +0 whip (weapon)
 l - a +0 hunting sling
 o - a +2 hunting sling of flaming
Missiles
 h - 9 stones (quivered)
 m - 102 arrows
 n - 31 sling bullets
Armour
 a - a +0 robe (worn)
 j - a +0 pair of boots (worn)
 k - a +1 hat (worn)
Scrolls
 d - a scroll of identify {unknown}
 f - a scroll of fog {unknown}
 g - a scroll of enchant armour {unknown}
 i - 2 scrolls of remove curse {unknown}


   Skills:
 - Level 1.5 Dodging
 - Level 1.5 Stealth
 * Level 4.5 Spellcasting
 + Level 0.4 Conjurations
 + Level 4.1 Ice Magic


You had 4 spell levels left.
You knew the following spells:

 Your Spells              Type           Power        Failure   Level  Hunger
a - Freeze                Ice            ###.         3%          1    N/A
b - Ozocubu's Armour      Chrm/Ice       #.......     22%         3    N/A
c - Hailstorm             Conj/Ice       ##......     56%         4    N/A

Your spell library contained the following spells:

 Spells                   Type           Power        Failure   Level  Hunger
 Summon Ice Beast         Ice/Summ       #.......     58%         4    N/A

Dungeon Overview and Level Annotations

Branches:
Dungeon (3/15)

Altars:
Sif Muna
Trog


Innate Abilities, Weirdness & Mutations

You do not eat or drink.
Your flesh is vulnerable to fire.
You are immune to poison.
Your flesh is cold resistant. (rC+)
You are immune to negative energy. (rN+++)
You are immune to unholy pain and torment.
You can survive without breathing.


Message History

Casting: Freeze (safe; 3% risk of failure)
Confirm with . or Enter, or press ? or * to list all spells.
Aiming: Freeze (safe; 3% risk of failure)
Press: ? - help, Shift-Dir - straight line, f - orc priest
Aim: an orc priest, wielding a +0 short sword You freeze the orc priest!
The orc priest is heavily wounded.
The orc priest calls down the wrath of Beogh upon you.
Beogh smites you!
Ouch! That really hurt!
* * * LOW HITPOINT WARNING * * *
Casting: Freeze (safe; 3% risk of failure)
Confirm with . or Enter, or press ? or * to list all spells.
Aiming: Freeze (safe; 3% risk of failure)
Press: ? - help, Shift-Dir - straight line, f/p - orc priest
Aim: an orc priest, wielding a +0 short sword (heavily wounded)
You freeze the orc priest.
The orc priest is severely wounded.
The orc priest hits you with a +0 short sword.
You die...

#.....#.# #.......#
#.....#.# #######.#
###.....#.# #.....#.#
........#.####...#.#.#
......#†#....###.#.#.#
......#.####.......#.#
......#.########.###.#
##.#.#...............#
}#.#.##.......##@#####
##.#.##.#####.##o#
...#.##.# #.##)#
...#....# #.##.#
.†.###### #.##.#
.).##########.##.#
...†..........##.#
################.#
#...o...#


You could see an orc priest.

Vanquished Creatures
  3 adders
  An ooze (D:1)
  2 worms
  3 dart slugs
  2 leopard geckos (D:2)
  2 orcs (D:3)
  A ball python (D:2)
  5 bats
  2 giant cockroaches (D:3)
  6 goblins
  4 hobgoblins
  9 kobolds
  A quokka (D:3)
  4 frilled lizards
  9 rats
54 creatures vanquished.

Notes
Turn   | Place    | Note
-------+----------+-------------------------------------------
     0 | D:1      | DerDa the Mummy Ice Elementalist began the quest for the
                  | Orb.
     0 | D:1      | Reached XP level 1. HP: 13/13 MP: 4/4
   126 | D:1      | Reached XP level 2. HP: 19/19 MP: 1/6
   532 | D:1      | Reached XP level 3. HP: 23/24 MP: 5/8
   650 | D:2      | Found a bloodstained altar of Trog.
   696 | D:2      | Learned a level 3 spell: Ozocubu's Armour
  1050 | D:2      | Reached XP level 4. HP: 30/30 MP: 7/10
  1305 | D:2      | Learned a level 4 spell: Hailstorm
  1528 | D:3      | Found a shimmering blue altar of Sif Muna.
  1531 | D:3      | Became a worshipper of Sif Muna the Loreminder
  1868 | D:3      | Slain by an orc priest

Levels and vault maps discovered:
D:1:      minmay_arrival_five_plusses, layout_basic
D:2:      layout_basic, bloody_trog
D:3:      layout_basic, lemuel_blue_sif_altar, serial_glass, glass_columns_a,
          glass_columns_c, item_on_display_b, first_ration, glass_columns_a

Skill      XL: |  1  2  3 |
---------------+----------+-----
Spellcasting   | 3 4 |  4.5
Ice Magic      | 4 |  4.1
Dodging        | |  1.5
Stealth        | |  1.5
Conjurations   | |  0.4

Action                   |  1- 3 |  4- 6 || total
-------------------------+-------+-------++-------
Melee: Whip              |     7 |     4 ||    11
 Cast: Freeze            |    70 |    28 ||    98
Armor: Robe              |    23 |     3 ||    26
Dodge: Dodged            |    46 |    14 ||    60

Table legend:
 A = Non-vault XP
 B = Vault XP
 C = Vault XP percentage of total XP
 D = Non-vault monster count
 E = Vault monster count
 F = Vault count percentage of total count
                 A         B        C        D         E       F
            +---------+---------+-------+---------+---------+-------
      Total |     141 |       0 |   0.0 |      54 |       0 |   0.0
            +---------+---------+-------+---------+---------+-------
        D:1 |      41 |       0 |   0.0 |      23 |       0 |   0.0
        D:2 |      59 |       0 |   0.0 |      19 |       0 |   0.0
        D:3 |      41 |       0 |   0.0 |      12 |       0 |   0.0
            +---------+---------+-------+---------+---------+-------
